 Dungeon Crawl Stone Soup version 0.31-a0-702-gf82c85558f (webtiles) character file.

Game seed: 7389674204081999009

398 qw the Shooter (level 6, 0/40 HPs)
             Began as a Gargoyle Hunter on Sept 7, 2023.
             Slain by Pikel
             ... wielding a +1 whip of freezing
              (6 damage)
             ... on level 4 of the Dungeon.
             The game lasted 00:00:58 (2205 turns).

qw the Shooter (Gargoyle Hunter)                    Turns: 2205, Time: 00:00:58

Health: 0/40       AC: 10    Str: 15    XL:     6   Next: 83%
Magic:  6/6        EV: 11    Int:  9    God:
Gold:   64         SH:  0    Dex: 15    Spells: 5/5 levels left

rFire   . . .        f - +0 shortbow (heavy)
rCold   . . .        (shield currently unavailable)
rNeg    + . .        c - +0 leather armour
rPois   inf          (no helmet)
rElec   +            (no cloak)
rCorr   .            (no gloves)
SInv    .            k - +2 pair of boots
Will    .....        (no amulet)
Stlth   ++           (no ring)
HPRegen 0.26/turn    (no ring)
MPRegen 0.10/turn

%: no passive effects
@: no status effects
A: sickness immunity, AC +4, negative energy resistance 1, electricity
resistance, torment resistance 1, petrification resistance
a: no special abilities


You were on level 4 of the Dungeon.
You visited 2 branches of the dungeon, and saw 5 of its levels.

You collected 117 gold pieces.
You spent 53 gold pieces at shops.


Innate Abilities, Weirdness & Mutations

You are immune to sickness and miasma.
Your stone body is resilient. (AC +4)
You are immune to poison.
You resist negative energy. (rN+)
You are resistant to electric shocks. (rElec)
You are resistant to unholy torment.
You are immune to petrification.


   Skills:
 - Level 5.1 Fighting
 + Level 6.3 Ranged Weapons
 - Level 1.6 Armour
 - Level 1.5 Dodging
 - Level 1.1 Stealth


You had 5 spell levels left.
You didn't know any spells.
Your spell library was empty.

Inventory:

Hand Weapons
 f - a +0 heavy shortbow (weapon)
Armour
 c - a +0 leather armour (worn)
 k - a +2 pair of boots (worn)
Scrolls
 l - 2 scrolls of identify
Potions
 a - a potion of ambrosia {unknown}
 d - a potion of curing {unknown}
 e - a potion of invisibility {unknown}
 i - a potion of resistance {unknown}
 j - a potion of might

Dungeon Overview and Level Annotations

Branches:
Dungeon (4/15)             Temple (1/1) D:4

Altars:
Dithmenos
Gozag
Kikubaaqudgha
Makhleb
Qazlal
Ru
Sif Muna
Trog
Uskayaw
Vehumet
Wu Jian
The Shining One

Shops:
D:1 *[*[   D:3 *

Annotations:
D:4 Pikel


Message History

The arrow barely misses the lemure.
The arrow closely misses the lemure.
Pikel hits you with a +1 whip of freezing.
Pikel freezes you. Pikel closely misses you.
You shoot an arrow. The arrow hits Pikel!
Pikel is lightly wounded.
Pikel closely misses you.
You shoot an arrow. The arrow closely misses Pikel.
The arrow hits the lemure!
You kill the lemure!
That felt strangely unrewarding.
Pikel cracks his whip.
Pikel hits you with a +1 whip of freezing.
Pikel freezes you. Pikel barely misses you.
You shoot an arrow. The arrow closely misses Pikel.
The arrow closely misses the lemure.
Pikel hits you with a +1 whip of freezing.
Pikel freezes you.
You shoot an arrow. The arrow closely misses Pikel.
The arrow hits the lemure!
The lemure is severely wounded.
Pikel barely misses you.
Pikel hits you with a +1 whip of freezing!
Pikel freezes you.
You shoot an arrow. The arrow hits Pikel!
Pikel is heavily wounded.
Pikel hits you but does no damage.
Pikel says, "Asmodeus and me are pals.
He gave me this whip."
Pikel hits you but does no damage.
You shoot an arrow. The arrow closely misses Pikel.
The arrow misses the lemure.
Pikel completely misses you.
You shoot an arrow. The arrow hits Pikel!
Pikel is severely wounded.
Pikel barely misses you.
Pikel hits you with a +1 whip of freezing.
Pikel freezes you.
You shoot an arrow. The arrow closely misses Pikel.
The arrow hits the lemure but does no damage.
The lemure is severely wounded.
Pikel hits you but does no damage.
Pikel hits you with a +1 whip of freezing.
You die...
Pikel says, "See you in Hell!"

. #. .# #.# .###. ##.#
###.## (....##...#
#<.... #.........# +#
#.#.## ..##.).##.# ...
#.#.## #.##...##.####
.... #.#...
#.........##.## .....
#.###.
.....>....#...####5.....
#.##..
................@K5.....
+.....
#.##...##.......##Y.....
#..... ..##...##.##.##.#
..... #####.
#...........###.# ....
## ##.##.#.###.###.# ...
# #. #...........### #+#
# # #######.......# #.#
# #......##.#
#.########## #.#.##.##.#
##...........


You could see Pikel, an ice beast and 2 lemures.

Vanquished Creatures
  Sigmund (D:3)
  2 lemures (D:4)
  A phantom (D:3)
  A scorpion (D:3)
  An orc wizard (D:3)
  3 worms
  3 dart slugs
  An orc (D:3)
  4 endoplasms
  3 giant cockroaches (D:1)
  12 goblins
  6 hobgoblins
  2 jackals (D:1)
  3 quokkas
  6 ball pythons
  9 bats
  8 frilled lizards
  7 kobolds
  6 rats
79 creatures vanquished.

Notes
Turn   | Place    | Note
-------+----------+-------------------------------------------
     0 | D:1      | qw the Gargoyle Hunter began the quest for the Orb.
     0 | D:1      | Reached XP level 1. HP: 12/12 MP: 1/1
     0 | D:1      | 0 ||| qw: Version: 0.3-a-76-g4403597
     0 | D:1      | 0 ||| qw: Game counter: 887
     0 | D:1      | 0 ||| qw: Melee chars always use a shield: true
     0 | D:1      | 0 ||| qw: God list: Okawaru
     0 | D:1      | 0 ||| qw: Allow faded altars: false
     0 | D:1      | 0 ||| qw: Do Orc after clearing Dungeon:15 true
     0 | D:1      | 0 ||| qw: Do second Lair branch before Depths: true
     0 | D:1      | 0 ||| qw: Lair rune preference: random
     0 | D:1      | 0 ||| qw: Goals: Normal
     0 | D:1      | 0 ||| PLANNING D:1-11
   119 | D:1      | Found Eraleriu's General Store.
   122 | D:1      | Reached XP level 2. HP: 17/17 MP: 2/2
   123 | D:1      | 123 ||| SHOPLISTING potion of resistance (100 gold, have
                  | 0).
   123 | D:1      | 123 ||| SHOPLISTING scroll of identify (20 gold, have 0).
   180 | D:1      | Found Kueforac's Armour Shop.
   184 | D:1      | 184 ||| SHOPLISTING +0 ring mail (48 gold, have 0).
   329 | D:1      | Found Cuysaago's Antique Armour Emporium.
   345 | D:1      | 345 ||| SHOPLISTING pair of boots (112 gold, have 7).
   345 | D:1      | 345 ||| SHOPLISTING pair of embroidered gloves (187 gold,
                  | have 7).
   345 | D:1      | 345 ||| SHOPLISTING ring mail (100 gold, have 7).
   345 | D:1      | 345 ||| SHOPLISTING shimmering swamp dragon scales (1375
                  | gold, have 7).
   437 | D:1      | Found Idopac's General Store.
   460 | D:1      | 460 ||| SHOPLISTING scroll of identify (26 gold, have 7).
   477 | D:1      | Reached XP level 3. HP: 21/21 MP: 3/3
   578 | D:1      | Reached skill level 5 in Ranged Weapons
   829 | D:1      | 829 ||| READING scroll labelled JASHAJ VYUSAKK.
   830 | D:1      | 830 ||| READING 4 scrolls labelled DUFIJ TEWOTYLA.
   831 | D:1      | 831 ||| READING scroll labelled JIENAI ONTAER.
   848 | D:1      | 848 ||| READING scroll labelled PUOMARPHAVO.
   849 | D:1      | 849 ||| READING scroll labelled YSUONWITUO.
   850 | D:1      | 850 ||| DROPPING scroll of butterflies.
   851 | D:1      | 851 ||| DROPPING 3 scrolls of vulnerability.
  1108 | D:2      | Reached skill level 3 in Fighting
  1348 | D:2      | 1348 ||| UPGRADING to +0 pair of boots.
  1353 | D:2      | 1353 ||| DRINKING 2 metallic red potions.
  1422 | D:3      | Noticed a phantom
  1429 | D:3      | Killed a phantom
  1430 | D:3      | Reached XP level 4. HP: 25/28 MP: 4/4
  1430 | D:3      | Reached XP level 5. HP: 29/32 MP: 5/5
  1511 | D:3      | Reached skill level 6 in Ranged Weapons
  1522 | D:3      | Found Yqumah's Assorted Antiques.
  1526 | D:3      | 1526 ||| SHOPLISTING bone wand (112 gold, have 69).
  1526 | D:3      | 1526 ||| BUYING lumpy pink potion (25 gold).
  1526 | D:3      | Bought a lumpy pink potion for 25 gold pieces
  1526 | D:3      | 1526 ||| BUYING scroll labelled FAONIO GAUWKU (28 gold).
  1526 | D:3      | Bought a scroll labelled FAONIO GAUWKU for 28 gold pieces
  1526 | D:3      | 1526 ||| SHOPLISTING scroll of identify (56 gold, have 16).
  1526 | D:3      | 1526 ||| SHOPLISTING shiny copper ring (140 gold, have 16).
  1591 | D:3      | Found a sacrificial altar of Ru.
  1600 | D:3      | Reached skill level 1 in Armour
  1713 | D:3      | Found a faded altar of an unknown god.
  1758 | D:3      | Found a radiant altar of Vehumet.
  1779 | D:3      | Noticed Sigmund
  1781 | D:3      | Identified the +4 scale mail of Xihuemp {Str+2}
  1784 | D:3      | Killed Sigmund
  1785 | D:3      | Reached XP level 6. HP: 35/40 MP: 6/6
  2050 | D:3      | 2050 ||| UPGRADING to +2 pair of boots.
  2060 | D:3      | 2060 ||| DROPPING +0 pair of boots.
  2061 | D:3      | 2061 ||| READING scroll labelled FAONIO GAUWKU.
  2062 | D:3      | 2062 ||| READING scroll labelled XAKHLY OBLAYCVAE.
  2067 | D:3      | 2067 ||| READING 2 scrolls labelled YCASMUBLEL.
  2068 | D:3      | 2068 ||| DROPPING scroll of revelation.
  2158 | D:4      | Found a staircase to the Ecumenical Temple.
  2159 | D:4      | 2159 ||| PLANNING TEMPLE
  2169 | Temple   | Entered the Ecumenical Temple
  2170 | Temple   | 2170 ||| PLANNING D:1-11
  2188 | D:4      | Noticed an ice beast
  2189 | D:4      | Noticed Pikel
  2201 | D:4      | HP: 8/40 [Pikel/+1 whip of freezing (4)]
  2205 | D:4      | Slain by Pikel

Levels and vault maps discovered:
D:1:      saegor_arrival_simple_d, layout_basic, serial_shops, shop,
          nicolae_lakefront_shop, nicolae_shop_pleasant_corner_grove, shop
D:2:      layout_loops_ring, kennysheep_boxes
D:3:      layout_basic, nicolae_ru_great_annihilating_truth,
          nicolae_vehumet_radiance, serial_shops, nicolae_shop_back_alley_shop,
          shapermc_ecumenical_altar_mp_ritualfount, patterned_corridor,
          uniq_sigmund
D:4:      layout_loops_corners, mainiacjoe_overflow_alcove_4,
          minmay_temple_entry_stoned_glass, uniq_pikel
Temple:   hellmonk_temple_micro_hex

Skill      XL: |  1  2  3  4  5 |
---------------+----------------+-----
Ranged Weapons | 5 6 |  6.3
Fighting       | 3 5 |  5.1
Armour         | 1 |  1.6
Dodging        | |  1.5
Stealth        | |  1.1

Action                     |  1- 3 |  4- 6 || total
---------------------------+-------+-------++-------
   Fire: Shortbow          |   132 |    85 ||   217
    Use: Scroll            |     5 |     3 ||     8
         Potion            |     1 |       ||     1
 Armour: Leather armour    |    20 |    35 ||    55
  Dodge: Dodged            |    35 |    34 ||    69

Table legend:
 A = Non-vault XP
 B = Vault XP
 C = Vault XP percentage of total XP
 D = Non-vault monster count
 E = Vault monster count
 F = Vault count percentage of total count
                 A         B        C        D         E       F
            +---------+---------+-------+---------+---------+-------
      Total |     303 |     266 |  46.7 |      72 |       5 |   6.5
            +---------+---------+-------+---------+---------+-------
        D:1 |      49 |       0 |   0.0 |      29 |       0 |   0.0
        D:2 |      31 |       0 |   0.0 |      18 |       0 |   0.0
        D:3 |     214 |     266 |  55.4 |      22 |       5 |  18.5
        D:4 |       9 |       0 |   0.0 |       3 |       0 |   0.0
            +---------+---------+-------+---------+---------+-------
